 Dungeon Crawl Stone Soup version 0.30-a0-779-g7971cf19c3 (webtiles) character file.

Game seed: 6136028806069473940

934 DskReedErrur the Grave Robber (level 7, -3/50 HPs)
             Began as a Demonspawn Wanderer on Feb 17, 2023.
             Was an Initiate of Cheibriados.
             Killed by divine providence
             ... invoked by an orc priest
              (12 damage)
             ... on level 5 of the Dungeon.
             The game lasted 01:06:34 (4652 turns).

DskReedErrur the Grave Robber (Demonspawn Wanderer) Turns: 4652, Time: 01:06:35

Health: -3/50      AC:  4    Str: 11    XL:     7   Next: 86%
Magic:  13/13      EV: 12    Int: 19    God:    Cheibriados [......]
Gold:   178        SH:  0    Dex: 16    Spells: 3/14 levels left

rFire   . . .      SeeInvis .    s - +0 mace of Foul Odours {spect, Will+ Int+3}
rCold   . . .      Faith    .    (no shield)
rNeg    . . .      Spirit   .    c - +0 robe
rPois   .          Reflect  .    (no helmet)
rElec   .          Harm     .    (no cloak)
rCorr   +          Rampage  .    d - +1 pair of gloves
Will    +....                    (no boots)
Stlth   +                        q - amulet of magic regeneration
HPRegen 0.28/turn                j - ring of resist corrosion
MPRegen 0.53/turn                (no ring)

@: very slow
A: ignite blood 1, weakness stinger 1
a: Renounce Religion


You were on level 5 of the Dungeon.
You worshipped Cheibriados.
Cheibriados was noncommittal.
You visited 2 branches of the dungeon, and saw 7 of its levels.

You collected 178 gold pieces.

Inventory:

Hand Weapons
 m - a +1 hand axe of electrocution
 o - a +2 vampiric whip
 s - the +0 mace of Foul Odours (weapon) {spect, Will+ Int+3}
   (You found it on level 4 of the Dungeon)

   Int:       It affects your intelligence (+3).
   Will:      It increases your willpower.
Missiles
 t - 7 poisoned darts (quivered)
Armour
 c - a +0 robe (worn)
 d - a +1 pair of gloves (worn)
Magical Staves
 f - a staff of cold
 n - a staff of earth
Jewellery
 e - an amulet of the acrobat
 j - a ring of resist corrosion (left hand)
 p - a ring of ice
 q - an amulet of magic regeneration (around neck)
Wands
 b - a wand of flame (10)
Scrolls
 a - a scroll of silence
 k - a scroll of identify
Potions
 g - a potion of resistance
 h - a potion of cancellation
 i - a potion of flight {unknown}
 l - 4 potions of attraction
 r - a potion of mutation {unknown}


   Skills:
 - Level 2.0 Fighting
 - Level 1.7 Dodging
 + Level 4.4 Spellcasting
 - Level 5.1 Summonings
 * Level 5.9 Necromancy
 - Level 3.1 Transmutations


You had 3 spell levels left.
You knew the following spells:

 Your Spells              Type           Power      Damage    Failure   Level
a - Summon Small Mammal   Summ           92%        N/A       1%          1
b - Sting                 Tmut/Pois      40%        1d5       7%          1
c - Wereblood             Tmut           15%        N/A       5%          2
d - Call Canine Familiar  Summ           23%        N/A       4%          3
e - Animate Dead          Necr           26%        N/A       11%         4

Your spell library contained the following spells:

 Spells                   Type           Power      Damage    Failure   Level
 Lesser Beckoning         Tloc           8%         N/A       21%         2
 Gell's Gravitas          Tloc           4%         N/A       36%         3
 Teleport Other           Tloc           4%         N/A       36%         3
 Ice Form                 Ice/Tmut       10%        N/A       56%         4
 Haunt                    Necr/Summ      12%        N/A       100%        7
 Infestation              Necr           13%        N/A       100%        8


Dungeon Overview and Level Annotations

Branches:
Dungeon (6/15)             Temple (1/1) D:4

Altars:
Ashenzari
Cheibriados
Hepliaklqana
Kikubaaqudgha
Makhleb
Nemelex Xobeh
Okawaru
Ru
Sif Muna
Wu Jian
Yredelemnul

Shops:
D:1 (

Annotations:
D:5 3 runed translucent doors, Wobber's ghost, amateur OpTm


Innate Abilities, Weirdness & Mutations

Your demonic aura sometimes causes spilled blood to erupt in flames.
You have a small tail.


Message History

Your hound closely misses the gnoll.
The gnoll misses you.
The gnoll sergeant hits your quokka with a +0 spear.
The orc barely misses your quokka.
Your quokka bites the gnoll sergeant but does no damage.
Your hound bites the gnoll but does no damage.
Your hound closely misses the gnoll.
The gnoll hits your hound with a +0 spear.
Your quokka bites the gnoll sergeant but does no damage.
The gnoll sergeant hits you from afar with a +0 spear!
Something hits your quokka but does no damage.
The orc hits your quokka with a +0 hand axe.
Your quokka dies!
Your quokka's corpse disappears in a puff of smoke!
Casting: Call Canine Familiar (dangerous; 4% risk of failure)
Confirm with . or Enter, or press ? or * to list all spells.
The gnoll hits your hound with a +0 spear!
The gnoll sergeant hits you from afar with a +0 spear!
Something closely misses your hound. The orc closely misses your hound.
Your hound bites the gnoll.
The gnoll dies!
Cheibriados appreciates the change of pace.
Your hound bites the gnoll sergeant but does no damage.
The gnoll sergeant hits your hound with a +0 spear.
Your hound dies!
Your hound's corpse disappears in a puff of smoke!
The phantom completely misses your quokka.
Wobber's ghost briefly turns into a stone statue and back.
The orc priest invokes the aid of Beogh against you.
Beogh smites you!
* * * LOW HITPOINT WARNING * * *
The orc closely misses your quokka.
Okay, then.
Okay, then.
Okay, then.
Casting: Summon Small Mammal (safe; 1% risk of failure)
Confirm with . or Enter, or press ? or * to list all spells.
Okay, then.
The orc priest mumbles some strange prayers to Beogh against you.
Beogh smites you!
You die...

# ###.## .# #.#..####....... #
#######......#........... ##
##.##..#.........# ....#. ##.#
#................# ..... ....
##......###.....## ...# ##...
#......##.......# #..# ##Z.#
##....#..#....#@#####..# #.Z.#..
#...###..#.<....r..#..[###goos..
##................oWso.##..#....
##..8.............8#oo.....##gg..
.#..######+++#######......## s...
...##........oWooo#...#....# ....
...##?...#####oooo#......#.# ....
....#.###....o###.#.....##.# #...
....#.#8#..8..#8#.#....## .# .W.


You could see a phantom, a scorpion, 4 orc priests, Wobber's ghost, 9 orcs and a
friendly quokka (summoned).

Vanquished Creatures
  Sigmund (D:2)
  Duvessa (D:4)
  An ogre (D:6)
  A kobold brigand (D:4)
  A bullfrog (D:6)
  A scorpion (D:4)
  Dowan (D:4)
  A hound (D:5)
  An iguana (D:4)
  3 gnolls
  7 adders
  A nameless horror (D:3)
  A white imp (D:5)
  2 worms
  2 dart slugs
  3 orcs
  6 ball pythons
  10 bats
  5 endoplasms
  A giant cockroach (D:3)
  8 goblins
  7 hobgoblins
  8 jackals
  5 kobolds
  6 quokkas
  2 frilled lizards
  4 rats
90 creatures vanquished.

Vanquished Creatures (collateral kills)
  A jelly (D:5)
  5 gnolls
  An adder (D:2)
  3 orcs (D:3)
  A ball python (D:3)
  An endoplasm (D:3)
  A hobgoblin (D:3)
  A frilled lizard (D:3)
  2 kobolds (D:1)
16 creatures vanquished.

Vanquished Creatures (others)
  3 gnoll zombies (D:5)
3 creatures vanquished.

Grand Total: 109 creatures vanquished

Notes
Turn   | Place    | Note
-------+----------+-------------------------------------------
     0 | D:1      | DskReedErrur the Demonspawn Wanderer began the quest for
                  | the Orb.
     0 | D:1      | DskReedErrur set off with the following items: a +0 dagger,
                  | a potion of heal wounds, a +0 robe, a +0 pair of gloves;
                  | and the following spells available to memorise: Summon
                  | Small Mammal, Wereblood, Sting, Call Canine Familiar, Ice
                  | Form.
     0 | D:1      | Reached XP level 1. HP: 16/16 MP: 2/2
     2 | D:1      | Learned a level 1 spell: Summon Small Mammal
     4 | D:1      | Learned a level 1 spell: Sting
   352 | D:1      | Found Jisen's Weapon Shop.
   378 | D:1      | Gained mutation: You have a small tail. [demonic ancestry]
   378 | D:1      | Reached XP level 2. HP: 22/22 MP: 4/4
   904 | D:1      | Learned a level 2 spell: Wereblood
   977 | D:2      | Reached XP level 3. HP: 27/27 MP: 5/5
  1537 | D:2      | Reached skill level 1 in Necromancy
  1677 | D:2      | Noticed Sigmund
  1752 | D:2      | Killed Sigmund
  1753 | D:2      | Reached XP level 4. HP: 18/33 MP: 3/8
  1753 | D:2      | Gained mutation: Your demonic aura sometimes causes spilled
                  | blood to erupt in flames. [demonic ancestry]
  1753 | D:2      | Reached XP level 5. HP: 21/38 MP: 3/9
  1757 | D:2      | Learned a level 3 spell: Call Canine Familiar
  2179 | D:3      | Reached XP level 6. HP: 44/44 MP: 6/10
  2948 | D:4      | Identified the +0 mace of Foul Odours {spect, Will+ Int+3}
  3079 | D:4      | Found a broken altar of Ashenzari.
  3214 | D:4      | You fall into a shaft and drop 2 floors!
  3228 | D:6      | Reached skill level 5 in Summonings
  3265 | D:5      | Entered Level 5 of the Dungeon
  3273 | D:5      | Reached XP level 7. HP: 34/50 MP: 12/12
  3515 | D:4      | Noticed Duvessa
  3515 | D:4      | Noticed Dowan
  3759 | D:4      | HP: 2/75 [Duvessa/+0 rapier (2)]
  3763 | D:4      | Killed Duvessa
  3764 | D:4      | Reached skill level 5 in Necromancy
  3764 | D:4      | Killed Dowan
  3940 | D:4      | Learned a level 4 spell: Animate Dead
  4065 | D:4      | Found a staircase to the Ecumenical Temple.
  4218 | Temple   | Entered the Ecumenical Temple
  4472 | Temple   | Became a worshipper of Cheibriados the Contemplative
  4560 | D:5      | Found a runed translucent gate.
  4586 | D:5      | Found a runed translucent gate.
  4586 | D:5      | Found a runed translucent gate.
  4590 | D:5      | Noticed Wobber's ghost (amateur OpTm)
  4652 | D:5      | Killed from afar by an orc priest

Illustrated notes

Levels and vault maps discovered:
D:1:      dpeg_arrival_more_subterranean_lakeside_camping, layout_loops_ring,
          serial_shops, nicolae_shop_behind_doors, minmay_hexomino_u4
D:2:      layout_loops_cross, corexii_hall_statues_l, uniq_sigmund
D:3:      layout_rooms, serial_corexii_hall, corexii_hall_statues_i,
          corexii_hall_statues_t, wander_ebering_terrifying_dragon_lair
D:4:      wad_pebble_path, layout_basic, ashenzari_altar_1, temple_hall,
          uniq_duvessa
D:5:      layout_cave_pools, biasface_ghost_orc_armoury,
          nicolae_shop_sticking_my_neck_out
D:6:      layout_rooms, nicolae_uskayaw_dance_studio,
          grunt_temple_overflow_open, hangedman_abyss_or_decor_slice
Temple:   chequers_temple_sunken

Skill      XL: |  1  2  3  4  5  6  7 |
---------------+----------------------+-----
Transmutations | 3 |  3.1
Spellcasting   | 2 3 4 |  4.4
Summonings     | 4 5 |  5.1
Necromancy     | 2 4 5 |  5.9
Fighting       | |  2.0
Dodging        | |  1.7

Action                     |  1- 3 |  4- 6 |  7- 9 || total
---------------------------+-------+-------+-------++-------
  Melee: Dagger            |   155 |    16 |       ||   171
         Tailslap          |    11 |     7 |     6 ||    24
         Staff             |     1 |       |       ||     1
         Hand axe          |       |    13 |       ||    13
         Punch             |       |     1 |       ||     1
         Whip              |       |    31 |       ||    31
         Mace              |       |    22 |    32 ||    54
   Cast: Summon Small Mamm |    15 |     8 |     4 ||    27
         Sting             |     3 |     1 |       ||     4
         Call Canine Famil |       |    10 |     8 ||    18
         Animate Dead      |       |       |     1 ||     1
    Use: Scroll            |     7 |     2 |     1 ||    10
         Potion            |     2 |     1 |     5 ||     8
   Stab: Distracted        |     1 |       |       ||     1
         Sleeping          |     1 |       |     1 ||     2
 Armour: Robe              |    42 |    25 |     9 ||    76
         Skin              |       |       |     5 ||     5
  Dodge: Dodged            |   100 |    97 |    32 ||   229

Table legend: (Time is in decaauts)
 A = Elapsed time spent in this place.
 B = Non-inter-level travel time spent in this place.
 C = Inter-level travel time spent in this place.
 D = Time resting spent in this place.
 E = Time spent auto-exploring this place.
 F = Levels seen in this place.
 G = Mean time per level.
                   A        B        C        D        E       F      G
               +--------+--------+--------+--------+--------+-----+--------+
         Total |   4803 |   4619 |    184 |    928 |   2165 |   7 |  686.1 |
       Dungeon |   4454 |   4270 |    184 |    928 |   1961 |   6 |  742.3 |
        Temple |    348 |    348 |      0 |      0 |    204 |   1 |  348.0 |
               +--------+--------+--------+--------+--------+-----+--------+

Top non-repeatable levels by time:
     D:2: 1423 daAuts
     D:4: 1285 daAuts
     D:1: 962 daAuts
     D:3: 555 daAuts
  Temple: 348 daAuts
     D:5: 176 daAuts
     D:6: 51 daAuts
